 Dungeon Crawl Stone Soup version 0.29.0-4-gdea44cf6ec (webtiles) character file.

Game seed: 1947699577367262338

8341 qw the Blocker (level 11, -5/101 HPs)
             Began as a Troll Cinder Acolyte on Sept 1, 2022.
             Was a Believer of Ignis.
             Killed from afar by an electric eel (8 damage)
             ... with a bolt of electricity
             ... on level 9 of the Dungeon.
             The game lasted 00:05:05 (7686 turns).

qw the Blocker (Troll Cinder Acolyte)               Turns: 7686, Time: 00:05:06

Health: -5/101     AC: 16    Str: 34    XL:     11   Next: 8%
Magic:  11/11      EV:  7    Int: 10    God:    Ignis [**....]
Gold:   502        SH: 17    Dex:  5    Spells: 12/12 levels left

rFire   + . .      SeeInvis +     - Unarmed
rCold   . . .      Faith    .   k - +2 tower shield {rN+}
rNeg    + . .      Spirit   .   q - +2 robe {Will+}
rPois   .          Reflect  .   (helmet restricted)
rElec   .          Harm     .   m - +2 cloak
rCorr   .          Rampage  .   (gloves unavailable)
Will    +....                   (boots unavailable)
Stlth   +.........              (no amulet)
HPRegen 1.06/turn               c - ring of see invisible
MPRegen 0.12/turn               o - +6 ring of strength

@: fiery-armoured, very slow
A: large, unfitting armour, claws 3, regeneration 1, shaggy fur 1, tough skin 1
a: Renounce Religion, Fiery Armour, Foxfire Swarm, Rising Flame


You were on level 9 of the Dungeon.
You worshipped Ignis.
Ignis was pleased with you.
You visited 1 branch of the dungeon, and saw 9 of its levels.

You collected 502 gold pieces.


Innate Abilities, Weirdness & Mutations

You are too large for most types of armour.
You have claws for hands.
Your natural rate of healing is unusually fast.
You are covered in fur. (AC +1)
You have tough skin. (AC +1)


   Skills:
 - Level 4.3 Fighting
 - Level 1.1 Throwing
 - Level 1.0 Dodging
 - Level 12.2 Shields
 + Level 10.2 Unarmed Combat
 - Level 1.0 Spellcasting
 - Level 2.1 Fire Magic


You had 12 spell levels left.
You didn't know any spells.
Your spell library contained the following spells:

 Spells                   Type           Power      Damage    Failure   Level
 Scorch                   Fire           8%         2d5       56%         2

Inventory:

Missiles
 r - 7 boomerangs (quivered)
Armour
 f - a +0 troll leather armour
 k - a +2 tower shield of positive energy (worn)
 m - a +2 cloak (worn)
 q - a +2 robe of willpower (worn)
 s - +0 steam dragon scales
Jewellery
 a - the amulet "Xoskyz" {Acrobat Harm Regen+}
   (You acquired it on level 8 of the Dungeon)

   [amulet of the acrobat]

   It increases your evasion while moving and waiting.
   Regen:     It increases your rate of health regeneration.
   Harm:      It increases damage dealt and taken.
 c - a ring of see invisible (left claw)
 h - a ring of positive energy
 n - a ring of resist corrosion
 o - a +6 ring of strength (right claw)
Scrolls
 e - 2 scrolls of enchant weapon
 i - a scroll of identify
 l - 2 scrolls of enchant armour
Potions
 d - 4 potions of curing
 g - 4 potions of might
 j - a potion of resistance {unknown}

Dungeon Overview and Level Annotations

Branches:
Dungeon (9/15)             Temple (0/1) D:5
   Lair: D:8-11         Orc: D:9-12

Altars:
Nemelex Xobeh
Sif Muna

Portals:
Abyss: D:8

Annotations:
D:2 1 runed translucent door, Crazy Yiuf
D:8 2 transporters, qw's ghost, novice TrCA


Message History

The bolt of electricity hits you.
The electric eel shoots out a bolt of lightning at you!
The bolt of electricity hits you.
The electric eel shoots out a bolt of lightning at you!
The bolt of electricity hits you!
The electric eel shoots out a bolt of lightning at you!
The bolt of electricity hits you!
The electric eel shoots out a bolt of lightning at you!
The bolt of electricity hits you!
7677 ||| DRINKING potion of heal wounds.
You feel much better.
The electric eel shoots out a bolt of lightning at you!
The bolt of electricity hits the electric eel.
The electric eel completely resists.
The bolt of electricity hits you but does no damage.
The electric eel shoots out a bolt of lightning at you!
The bolt of electricity misses you.
The electric eel shoots out a bolt of lightning at you!
The bolt of electricity misses you.
The electric eel shoots out a bolt of lightning at you!
The bolt of electricity hits the electric eel.
The electric eel completely resists.
The bolt of electricity hits you.
The electric eel shoots out a bolt of lightning at you!
The bolt of electricity hits you!
A red ugly thing is nearby!
The red ugly thing gurgles horribly!
The electric eel shoots out a bolt of lightning at you!
The bolt of electricity hits you!
The electric eel shoots out a bolt of lightning at you!
The bolt of electricity hits you!
The electric eel shoots out a bolt of lightning at you!
The bolt of electricity hits you!
The electric eel shoots out a bolt of lightning at you!
The bolt of electricity misses you.
The electric eel shoots out a bolt of lightning at you!
The bolt of electricity hits you.
The electric eel shoots out a bolt of lightning at you!
The bolt of electricity hits the electric eel.
The electric eel completely resists.
The bolt of electricity hits you!
You die...

....##.#.#####7P~P~~~P
.............7~~~~~~~S~~
#<...###.##..7~~~P~PS~~~
####.# #.##.............
#.# #.##..7~~~~~~~~~~
#.# #.###~P~~~~~~~~~~
#.# #.# #~~~~~~~u~7 #.#
#.# #7~P~~~~777 ####.#
#.# #~~~P@~~7 .....# #.#
#~~~~~~~7 ###### #.#
##7~~~77P# #.# #~~7# #
#.#####.~####
#...........#
####...........#
#####......######..#
......######...}#)####


You could see a red ugly thing and 2 electric eels.

Vanquished Creatures
  2 centaur warriors (D:9)
  A gargoyle (D:9)
  A kobold demonologist (D:9)
  Psyche (D:8)
  Maggie (D:8)
  A troll (D:9)
  A hornet (D:9)
  Prince Ribbit (D:8)
  A shadow (D:9)
  A vampire (D:9)
  3 yaks (D:9)
  2 wyverns
  Eustachio (D:4)
  Duvessa (D:4)
  A water moccasin (D:8)
  A sky beast (D:6)
  2 ice beasts (D:6)
  A black bear (D:6)
  4 orc warriors
  3 ogres
  2 centaurs
  5 phantoms (D:4)
  2 kobold brigands
  4 necrophages
  2 bullfrogs (D:7)
  6 scorpions (D:5)
  A water moccasin zombie (D:4)
  3 wights (D:8)
  Dowan (D:4)
  6 killer bees (D:9)
  6 electric eels (D:9)
  A centaur zombie (D:4)
  A hound (D:5)
  A jelly (D:7)
  A centaur skeleton (D:4)
  A gnoll bouda (D:5)
  6 orc priests
  An iguana (D:7)
  Ijyb (D:3)
  Jessica (D:3)
  A scorpion zombie (D:4)
  8 orc wizards
  Robin (D:3)
  8 gnolls (D:5)
  13 adders
  2 shadow imps
  An ufetubus (D:7)
  An adder skeleton (D:4)
  10 worms
  2 dart slugs
  17 orcs
  6 endoplasms
  2 giant cockroaches
  25 goblins
  9 hobgoblins
  7 jackals
  22 kobolds
  3 quokkas
  4 ball pythons
  10 bats
  4 frilled lizards
  A quokka skeleton (D:4)
  3 rats
242 creatures vanquished.

Vanquished Creatures (others)
  5 fungi (D:5)
  20 plants (D:9)
  A withered plant (D:4)
26 creatures vanquished.

Grand Total: 268 creatures vanquished

Notes
Turn   | Place    | Note
-------+----------+-------------------------------------------
     0 | D:1      | qw the Troll Cinder Acolyte began the quest for the Orb.
     0 | D:1      | Reached XP level 1. HP: 22/22 MP: 1/1
     0 | D:1      | 0 ||| qw: Version: 0.1-a-97-g2dd2ca4
     0 | D:1      | 0 ||| qw: Game counter: 4711
     0 | D:1      | 0 ||| qw: Always use a shield: true
     0 | D:1      | 0 ||| qw: God list: Okawaru
     0 | D:1      | 0 ||| qw: Allow faded altars: false
     0 | D:1      | 0 ||| qw: Do Orc after D:15 true
     0 | D:1      | 0 ||| qw: Do second Lair branch before Depths: true
     0 | D:1      | 0 ||| qw: Lair rune preference: random
     0 | D:1      | 0 ||| qw: Plans: Normal
     0 | D:1      | 0 ||| PLANNING D:1-11
   207 | D:1      | 207 ||| Stepping ~*~*~tactically~*~*~ (stealth).
   213 | D:1      | 213 ||| Stepping ~*~*~tactically~*~*~ (outnumbered).
   214 | D:1      | 214 ||| Stepping ~*~*~tactically~*~*~ (outnumbered).
   215 | D:1      | 215 ||| Stepping ~*~*~tactically~*~*~ (outnumbered).
   216 | D:1      | 216 ||| Stepping ~*~*~tactically~*~*~ (outnumbered).
   217 | D:1      | 217 ||| Stepping ~*~*~tactically~*~*~ (outnumbered).
   395 | D:1      | Reached XP level 2. HP: 27/29 MP: 2/2
   837 | D:1      | 837 ||| READING scroll labelled EVOUCI DOOHI.
   852 | D:1      | 852 ||| READING scroll labelled JULUTO PUIMI.
   853 | D:1      | 853 ||| READING scroll labelled GURPHA LOUKLENG.
   854 | D:1      | 854 ||| READING scroll labelled CAUQOD PESU.
   855 | D:1      | 855 ||| DRINKING 2 blue potions.
   948 | D:2      | Found a shimmering blue altar of Sif Muna.
  1094 | D:2      | 1094 ||| Stepping ~*~*~tactically~*~*~ (stealth).
  1234 | D:2      | Reached skill level 1 in Throwing
  1234 | D:2      | Reached XP level 3. HP: 36/36 MP: 3/3
  1455 | D:2      | Identified the +6 sling of Wrath {freeze, Dex+4}
  1477 | D:2      | Found a runed translucent door.
  1478 | D:2      | Noticed Crazy Yiuf
  1714 | D:2      | 1714 ||| READING 2 scrolls labelled JAFI CILYINYZIATU.
  1715 | D:2      | 1715 ||| READING scroll labelled CAOPEZX RIYXO.
  1716 | D:2      | 1716 ||| READING 2 scrolls labelled QONEWY ASOEMUNI.
  1717 | D:2      | 1717 ||| READING scroll labelled EVAPOM PIUZ.
  1718 | D:2      | 1718 ||| DROPPING scroll of immolation.
  1805 | D:3      | Noticed Jessica
  1807 | D:3      | Noticed Ijyb
  1812 | D:3      | 1812 ||| DRINKING potion of curing.
  1812 | D:3      | 1812 ||| (to cure confusion)
  1815 | D:3      | Killed Jessica
  1816 | D:3      | Reached XP level 4. HP: 34/44 MP: 4/4
  1831 | D:3      | Killed Ijyb
  1864 | D:3      | 1864 ||| Stepping ~*~*~tactically~*~*~ (stealth).
  1865 | D:3      | Noticed Robin
  1866 | D:3      | 1866 ||| Stepping ~*~*~tactically~*~*~ (hiding).
  1869 | D:3      | 1869 ||| Stepping ~*~*~tactically~*~*~ (hiding).
  1872 | D:3      | 1872 ||| Stepping ~*~*~tactically~*~*~ (hiding).
  1874 | D:3      | 1874 ||| Stepping ~*~*~tactically~*~*~ (outnumbered).
  1875 | D:3      | 1875 ||| Stepping ~*~*~tactically~*~*~ (outnumbered).
  1876 | D:3      | 1876 ||| Stepping ~*~*~tactically~*~*~ (outnumbered).
  1877 | D:3      | 1877 ||| Stepping ~*~*~tactically~*~*~ (hiding).
  1884 | D:3      | Killed Robin
  1923 | D:3      | Reached XP level 5. HP: 50/50 MP: 5/5
  1973 | D:3      | Found a faded altar of an unknown god.
  1973 | D:3      | Noticed a ynoxinul
  2099 | D:3      | 2099 ||| Stepping ~*~*~tactically~*~*~ (stealth).
  2101 | D:3      | 2101 ||| Stepping ~*~*~tactically~*~*~ (stealth).
  2135 | D:3      | 2135 ||| Stepping ~*~*~tactically~*~*~ (stealth).
  2136 | D:3      | 2136 ||| Stepping ~*~*~tactically~*~*~ (stealth).
  2382 | D:3      | 2382 ||| UPGRADING to ring of see invisible.
  2383 | D:3      | 2383 ||| READING scroll labelled PAYFES YRE.
  2384 | D:3      | 2384 ||| READING 3 scrolls of identify.
  2384 | D:3      | 2384 ||| IDENTIFYING glowing emerald potion
  2385 | D:3      | 2385 ||| READING 2 scrolls of identify.
  2385 | D:3      | 2385 ||| IDENTIFYING murky puce potion
  2386 | D:3      | 2386 ||| DROPPING potion of magic.
  2457 | D:4      | Reached skill level 6 in Unarmed Combat
  2472 | D:4      | Noticed a wyvern
  2477 | D:4      | 2477 ||| INVOKING Fiery Armour.
  2479 | D:4      | Killed a wyvern
  2480 | D:4      | Reached XP level 6. HP: 23/59 MP: 6/6
  2720 | D:4      | 2720 ||| Stepping ~*~*~tactically~*~*~ (stealth).
  2721 | D:4      | 2721 ||| Stepping ~*~*~tactically~*~*~ (hiding).
  2722 | D:4      | 2722 ||| Stepping ~*~*~tactically~*~*~ (hiding).
  2723 | D:4      | 2723 ||| INVOKING Fiery Armour.
  2724 | D:4      | 2724 ||| Stepping ~*~*~tactically~*~*~ (hiding).
  2733 | D:4      | Reached XP level 7. HP: 65/66 MP: 7/7
  2752 | D:4      | Reached skill level 3 in Fighting
  2752 | D:4      | Noticed Dowan
  2753 | D:4      | 2753 ||| Stepping ~*~*~tactically~*~*~ (stealth).
  2756 | D:4      | Noticed Duvessa
  2756 | D:4      | Noticed Eustachio
  2757 | D:4      | 2757 ||| Stepping ~*~*~tactically~*~*~ (stealth).
  2764 | D:4      | 2764 ||| Stepping ~*~*~tactically~*~*~ (stealth).
  2768 | D:4      | Killed Duvessa
  2773 | D:4      | Killed Dowan
  2777 | D:4      | Reached skill level 9 in Unarmed Combat
  2781 | D:4      | 2781 ||| Stepping ~*~*~tactically~*~*~ (outnumbered).
  2790 | D:4      | 2790 ||| Stepping ~*~*~tactically~*~*~ (outnumbered).
  2791 | D:4      | 2791 ||| Stepping ~*~*~tactically~*~*~ (outnumbered).
  2794 | D:4      | Killed Eustachio
  2795 | D:4      | Reached XP level 8. HP: 58/75 MP: 8/8
  2870 | D:4      | 2870 ||| Stepping ~*~*~tactically~*~*~ (stealth).
  2959 | D:4      | 2959 ||| Stepping ~*~*~tactically~*~*~ (outnumbered).
  2960 | D:4      | 2960 ||| Stepping ~*~*~tactically~*~*~ (outnumbered).
  2961 | D:4      | 2961 ||| Stepping ~*~*~tactically~*~*~ (outnumbered).
  2962 | D:4      | 2962 ||| Stepping ~*~*~tactically~*~*~ (outnumbered).
  2963 | D:4      | 2963 ||| Stepping ~*~*~tactically~*~*~ (outnumbered).
  2965 | D:4      | 2965 ||| Stepping ~*~*~tactically~*~*~ (outnumbered).
  2986 | D:4      | 2986 ||| Stepping ~*~*~tactically~*~*~ (stealth).
  2988 | D:4      | 2988 ||| Stepping ~*~*~tactically~*~*~ (stealth).
  3016 | D:4      | 3016 ||| Stepping ~*~*~tactically~*~*~ (hiding).
  3381 | D:4      | 3381 ||| UPGRADING to +2 tower shield of positive energy.
  3386 | D:4      | 3386 ||| READING scroll labelled GIENWO RUFI.
  3387 | D:4      | 3387 ||| READING scroll labelled DOMPI UBAL.
  3388 | D:4      | 3388 ||| DRINKING 2 golden potions.
  3389 | D:4      | 3389 ||| READING 4 scrolls of identify.
  3389 | D:4      | 3389 ||| IDENTIFYING brown potion
  3390 | D:4      | 3390 ||| READING 3 scrolls of identify.
  3390 | D:4      | 3390 ||| IDENTIFYING fizzy red potion
  3391 | D:4      | 3391 ||| READING 2 scrolls of identify.
  3391 | D:4      | 3391 ||| IDENTIFYING metallic orange potion
  3392 | D:4      | 3392 ||| DROPPING potion of brilliance.
  3393 | D:4      | 3393 ||| DROPPING potion of degeneration.
  3394 | D:4      | 3394 ||| DROPPING potion of lignification.
  3414 | D:5      | Entered Level 5 of the Dungeon
  3480 | D:5      | 3480 ||| Stepping ~*~*~tactically~*~*~ (stealth).
  3482 | D:5      | 3482 ||| Stepping ~*~*~tactically~*~*~ (hiding).
  3495 | D:5      | Reached skill level 1 in Shields
  3512 | D:5      | Found a staircase to the Ecumenical Temple.
  3532 | D:5      | Reached skill level 2 in Shields
  3637 | D:5      | 3637 ||| Stepping ~*~*~tactically~*~*~ (stealth).
  3651 | D:5      | 3651 ||| Stepping ~*~*~tactically~*~*~ (stealth).
  3655 | D:5      | 3655 ||| Stepping ~*~*~tactically~*~*~ (stealth).
  3678 | D:5      | Reached skill level 3 in Shields
  3685 | D:5      | 3685 ||| Stepping ~*~*~tactically~*~*~ (hiding).
  3835 | D:5      | 3835 ||| Stepping ~*~*~tactically~*~*~ (stealth).
  3935 | D:5      | Reached skill level 4 in Shields
  3974 | D:5      | 3974 ||| Stepping ~*~*~tactically~*~*~ (stealth).
  3983 | D:5      | Reached skill level 5 in Shields
  3998 | D:5      | 3998 ||| Stepping ~*~*~tactically~*~*~ (outnumbered).
  4007 | D:5      | Reached XP level 9. HP: 70/81 MP: 9/9
  4281 | D:5      | 4281 ||| Stepping ~*~*~tactically~*~*~ (hiding).
  4321 | D:5      | Reached skill level 6 in Shields
  4365 | D:5      | 4365 ||| READING 3 scrolls labelled ZIQAPRYOCU.
  4366 | D:5      | 4366 ||| READING 2 scrolls labelled FIMINK BENI.
  4370 | D:5      | 4370 ||| DRINKING 3 yellow potions.
  4371 | D:5      | 4371 ||| READING 2 scrolls of identify.
  4371 | D:5      | 4371 ||| IDENTIFYING sedimented amethyst potion
  4372 | D:5      | 4372 ||| DROPPING 2 scrolls of fear.
  4373 | D:5      | 4373 ||| DROPPING potion of ambrosia.
  4374 | D:5      | 4374 ||| DROPPING 2 potions of attraction.
  4383 | D:6      | 4383 ||| STAIRDANCE
  4387 | D:6      | 4387 ||| STAIRDANCE
  4389 | D:5      | 4389 ||| Stepping ~*~*~tactically~*~*~ (outnumbered).
  4504 | D:6      | 4504 ||| STAIRDANCE
  4506 | D:5      | 4506 ||| Stepping ~*~*~tactically~*~*~ (outnumbered).
  4507 | D:5      | 4507 ||| Stepping ~*~*~tactically~*~*~ (outnumbered).
  4508 | D:5      | 4508 ||| Stepping ~*~*~tactically~*~*~ (outnumbered).
  4637 | D:6      | Reached skill level 7 in Shields
  4983 | D:6      | 4983 ||| UPGRADING to ring of resist corrosion.
  4984 | D:6      | 4984 ||| DROPPING ring of magical power.
  4985 | D:6      | 4985 ||| READING 2 scrolls of identify.
  4985 | D:6      | 4985 ||| IDENTIFYING black potion
  4986 | D:6      | 4986 ||| DROPPING potion of invisibility.
  5011 | D:7      | 5011 ||| Stepping ~*~*~tactically~*~*~ (hiding).
  5017 | D:7      | 5017 ||| INVOKING Fiery Armour.
  5222 | D:7      | Reached skill level 8 in Shields
  5335 | D:7      | 5335 ||| Stepping ~*~*~tactically~*~*~ (hiding).
  5339 | D:7      | 5339 ||| INVOKING Fiery Armour.
  5341 | D:7      | 5341 ||| Stepping ~*~*~tactically~*~*~ (hiding).
  5342 | D:7      | 5342 ||| FLEEEEING.
  5454 | D:7      | 5454 ||| Stepping ~*~*~tactically~*~*~ (stealth).
  5738 | D:7      | 5738 ||| Stepping ~*~*~tactically~*~*~ (hiding).
  5890 | D:7      | 5890 ||| UPGRADING to +0 cloak.
  5895 | D:7      | 5895 ||| READING 3 scrolls of enchant armour.
  5895 | D:7      | 5895 ||| ENCHANTING +0 cloak.
  5896 | D:7      | 5896 ||| READING 2 scrolls of enchant armour.
  5896 | D:7      | 5896 ||| ENCHANTING +1 cloak.
  5943 | D:8      | Identified the +10 scimitar "Qolle" {vorpal, rElec rPois
                  | Will- Int+4}
  6011 | D:8      | 6011 ||| Stepping ~*~*~tactically~*~*~ (outnumbered).
  6017 | D:8      | Reached skill level 9 in Shields
  6032 | D:8      | Found a transporter.
  6073 | D:8      | Identified the +7 trident "Fetwapan" {elec, rF+ Dex+3}
  6078 | D:8      | Noticed Prince Ribbit
  6097 | D:8      | Killed Prince Ribbit
  6137 | D:8      | Reached XP level 10. HP: 51/91 MP: 10/10
  6156 | D:8      | Noticed Psyche
  6166 | D:8      | Killed Psyche
  6213 | D:8      | 6213 ||| Stepping ~*~*~tactically~*~*~ (stealth).
  6215 | D:8      | 6215 ||| Stepping ~*~*~tactically~*~*~ (hiding).
  6222 | D:8      | 6222 ||| Stepping ~*~*~tactically~*~*~ (hiding).
  6223 | D:8      | 6223 ||| Stepping ~*~*~tactically~*~*~ (stealth).
  6304 | D:8      | Identified the +4 falchion of Igischiyf {freeze, Will+}
  6351 | D:8      | Noticed Maggie
  6371 | D:8      | Killed Maggie
  6372 | D:8      | Reached skill level 10 in Shields
  6514 | D:8      | Found a transporter.
  6516 | D:8      | Found a one-way gate to the infinite horrors of the Abyss.
  6516 | D:8      | Noticed qw's ghost (novice TrCA)
  6662 | D:8      | 6662 ||| UPGRADING to +2 robe of willpower.
  6672 | D:8      | 6672 ||| DROPPING +0 robe.
  6673 | D:8      | 6673 ||| UPGRADING to +6 ring of strength.
  6675 | D:8      | 6675 ||| READING scroll labelled XUCUTO ZONE.
  6676 | D:8      | 6676 ||| READING scroll labelled KOLUEPLASO.
  6676 | D:8      | Identified a scroll of acquirement
  6676 | D:8      | 6676 ||| ACQUIRING amulet "Xoskyz" {Acrobat Harm Regen+}
  6676 | D:8      | Acquired the amulet "Xoskyz" {Acrobat Harm Regen+}
  6678 | D:8      | 6678 ||| READING 2 scrolls of teleportation.
  6715 | D:9      | 6715 ||| Stepping ~*~*~tactically~*~*~ (stealth).
  6721 | D:9      | 6721 ||| Stepping ~*~*~tactically~*~*~ (stealth).
  6722 | D:9      | 6722 ||| Stepping ~*~*~tactically~*~*~ (stealth).
  6729 | D:9      | 6729 ||| Stepping ~*~*~tactically~*~*~ (hiding).
  6730 | D:9      | 6730 ||| Stepping ~*~*~tactically~*~*~ (stealth).
  6735 | D:9      | Noticed a smoke demon
  6735 | D:9      | 6735 ||| Stepping ~*~*~tactically~*~*~ (outnumbered).
  6737 | D:9      | 6737 ||| Stepping ~*~*~tactically~*~*~ (outnumbered).
  6738 | D:9      | 6738 ||| Stepping ~*~*~tactically~*~*~ (outnumbered).
  6739 | D:9      | 6739 ||| Stepping ~*~*~tactically~*~*~ (outnumbered).
  6746 | D:9      | 6746 ||| INVOKING Fiery Armour.
  6939 | D:9      | 6939 ||| FLEEEEING.
  6940 | D:9      | 6940 ||| FLEEEEING.
  7028 | D:9      | 7028 ||| Stepping ~*~*~tactically~*~*~ (stealth).
  7044 | D:9      | 7044 ||| INVOKING Fiery Armour.
  7047 | D:9      | Reached skill level 11 in Shields
  7048 | D:9      | Reached skill level 1 in Dodging
  7048 | D:9      | HP: 22/91 [poisoned by a killer bee]
  7049 | D:9      | 7049 ||| READING scroll of teleportation.
  7050 | D:9      | 7050 ||| DRINKING 2 potions of heal wounds.
  7053 | D:9      | Found a flagged portal.
  7057 | D:9      | 7057 ||| Stepping ~*~*~tactically~*~*~ (outnumbered).
  7058 | D:9      | 7058 ||| Stepping ~*~*~tactically~*~*~ (outnumbered).
  7059 | D:9      | 7059 ||| Stepping ~*~*~tactically~*~*~ (outnumbered).
  7060 | D:9      | 7060 ||| Stepping ~*~*~tactically~*~*~ (outnumbered).
  7179 | D:9      | Found a sparkling altar of Nemelex Xobeh.
  7182 | D:9      | 7182 ||| Stepping ~*~*~tactically~*~*~ (hiding).
  7257 | D:9      | 7257 ||| INVOKING Fiery Armour.
  7259 | D:9      | 7259 ||| FLEEEEING.
  7305 | D:9      | 7305 ||| Stepping ~*~*~tactically~*~*~ (stealth).
  7306 | D:9      | 7306 ||| Stepping ~*~*~tactically~*~*~ (stealth).
  7307 | D:9      | 7307 ||| Stepping ~*~*~tactically~*~*~ (stealth).
  7314 | D:9      | 7314 ||| Stepping ~*~*~tactically~*~*~ (outnumbered).
  7319 | D:9      | 7319 ||| Stepping ~*~*~tactically~*~*~ (outnumbered).
  7411 | D:9      | Noticed a centaur warrior
  7552 | D:9      | Noticed a gargoyle
  7553 | D:9      | Noticed a centaur warrior
  7553 | D:9      | Noticed a red ugly thing
  7573 | D:9      | Killed a centaur warrior
  7578 | D:9      | Killed a centaur warrior
  7579 | D:9      | Reached skill level 12 in Shields
  7579 | D:9      | Reached XP level 11. HP: 90/101 MP: 11/11
  7589 | D:9      | 7589 ||| FLEEEEING.
  7590 | D:9      | 7590 ||| FLEEEEING.
  7667 | D:9      | 7667 ||| INVOKING Fiery Armour.
  7676 | D:9      | HP: 18/101 [electric eel/bolt of electricity (10)]
  7677 | D:9      | 7677 ||| DRINKING potion of heal wounds.
  7681 | D:9      | HP: 22/101 [electric eel/bolt of electricity (9)]
  7682 | D:9      | HP: 5/101 [electric eel/bolt of electricity (7)]
  7685 | D:9      | HP: 2/101 [electric eel/bolt of electricity (6)]
  7686 | D:9      | Killed from afar by an electric eel

Levels and vault maps discovered:
D:1:      dpeg_chamrin_arrival_tetris, layout_basic, serial_glass,
          glass_columns_b, glass_columns_c
D:2:      layout_basic, basic_altar, uniq_crazy_yiuf_cottage
D:3:      layout_rooms, dreamdust_ecumenical_altar_sealed_demon,
          serial_corexii_hall, chequers_hall_statues_y,
          chequers_hall_statues_wall_a, uniq_jessica, uniq_ijyb, uniq_robin
D:4:      kennysheep_goblin_castle, layout_loops_ring, serial_undead,
          serial_undead_b, serial_undead_e, serial_undead_d, serial_undead_a,
          uniq_eustachio, uniq_duvessa
D:5:      old_forge, layout_loops_ring, minmay_temple_entry_proselytizer,
          nicolae_wormholes
D:6:      layout_cave_pools
D:7:      layout_loops_ring
D:8:      layout_loops_ring, gammafunk_ghost_abyssal_escape, uniq_psyche,
          uniq_maggie, uniq_prince_ribbit1
D:9:      layout_loops_ring, mainiacjoe_overflow_alcove_2, enter_bailey_3,
          serial_bayou, serial_bayou_lake_a, serial_bayou_pond_d,
          serial_bayou_shore_b, serial_bayou_lagoon_b, grunt_tough_drop

Skill      XL: |  1  2  3  4  5  6  7  8  9 10 |
---------------+-------------------------------+-----
Unarmed Combat | 4 5 7 9 10 | 10.2
Throwing       | 1 |  1.1
Fighting       | 3 4 |  4.3
Shields        | 5 9 12 | 12.2
Dodging        | 1 |  1.0
Spellcasting   | |  1.0
Fire Magic     | |  2.1

Action                   |  1- 3 |  4- 6 |  7- 9 | 10-12 || total
-------------------------+-------+-------+-------+-------++-------
Melee: Unarmed           |   106 |   101 |   363 |   178 ||   748
       Punch             |     1 |     3 |     1 |       ||     5
Throw: Javelin           |    19 |    10 |     2 |       ||    31
       Boomerang         |       |       |       |    14 ||    14
Invok: Fiery Armour      |       |     2 |     2 |     4 ||     8
  Use: Scroll            |     8 |     3 |    11 |     4 ||    26
       Potion            |     2 |       |     2 |     2 ||     6
 Stab: Distracted        |       |       |     1 |       ||     1
Armor: Robe              |    33 |    49 |   106 |    42 ||   230
       Skin              |       |       |       |     4 ||     4
Dodge: Dodged            |    43 |    42 |    93 |    33 ||   211
Block: Tower shield      |       |       |   169 |   117 ||   286

Table legend:
 A = Non-vault XP
 B = Vault XP
 C = Vault XP percentage of total XP
 D = Non-vault monster count
 E = Vault monster count
 F = Vault count percentage of total count
                 A         B        C        D         E       F
            +---------+---------+-------+---------+---------+-------
      Total |    6782 |    5135 |  43.1 |     173 |      69 |  28.5
            +---------+---------+-------+---------+---------+-------
        D:1 |      18 |       0 |   0.0 |      13 |       0 |   0.0
        D:2 |      48 |       0 |   0.0 |      19 |       0 |   0.0
        D:3 |      69 |     109 |  61.2 |      16 |      13 |  44.8
        D:4 |     360 |    1162 |  76.3 |      13 |      26 |  66.7
        D:5 |     887 |     497 |  35.9 |      35 |      17 |  32.7
        D:6 |     740 |       0 |   0.0 |      10 |       0 |   0.0
        D:7 |     908 |      10 |   1.1 |      16 |       2 |  11.1
        D:8 |     672 |    1013 |  60.1 |      13 |       3 |  18.8
        D:9 |    3080 |    2344 |  43.2 |      38 |       8 |  17.4
            +---------+---------+-------+---------+---------+-------
